 Dungeon Crawl Stone Soup version 0.31-a0-700-gf13585253f (webtiles) character file.

Game seed: 16189244778870396956

43 qw the Shooter (level 3, -1/22 HPs)
             Began as a Gargoyle Hunter on Sept 7, 2023.
             Slain by a goblin
             ... wielding a +0 dagger
             ... led by Robin
              (3 damage)
             ... on level 2 of the Dungeon.
             The game lasted 00:00:20 (915 turns).

qw the Shooter (Gargoyle Hunter)                     Turns: 915, Time: 00:00:21

Health: -1/22      AC:  9    Str: 14    XL:     3   Next: 58%
Magic:  3/3        EV: 10    Int:  9    God:
Gold:   58         SH:  0    Dex: 15    Spells: 2/2 levels left

rFire   . . .        Y - +0 shortbow
rCold   . . .        (shield currently unavailable)
rNeg    + . .        f - +0 ring mail
rPois   inf          (no helmet)
rElec   +            (no cloak)
rCorr   .            g - +0 pair of gloves
SInv    .            (no boots)
Will    .....        (no amulet)
Stlth   +            (no ring)
HPRegen 0.23/turn    (no ring)
MPRegen 0.08/turn

%: no passive effects
@: no status effects
A: sickness immunity, AC +3, negative energy resistance 1, electricity
resistance, torment resistance 1, petrification resistance
a: no special abilities


You were on level 2 of the Dungeon.
You visited 1 branch of the dungeon, and saw 2 of its levels.

You collected 58 gold pieces.


Innate Abilities, Weirdness & Mutations

You are immune to sickness and miasma.
Your stone body is resilient. (AC +3)
You are immune to poison.
You resist negative energy. (rN+)
You are resistant to electric shocks. (rElec)
You are resistant to unholy torment.
You are immune to petrification.


   Skills:
 + Level 2.4 Fighting
 - Level 5.0 Ranged Weapons
 - Level 1.0 Armour
 - Level 1.5 Dodging
 - Level 1.1 Stealth


You had 2 spell levels left.
You didn't know any spells.
Your spell library was empty.

Inventory:

Hand Weapons
 Y - a +0 shortbow (weapon)
Armour
 f - a +0 ring mail (worn)
 g - a +0 pair of gloves (worn)
Potions
 a - a potion of attraction {unknown}
 b - a potion of enlightenment {unknown}
 d - a potion of lignification {unknown}

Dungeon Overview and Level Annotations

Branches:
Dungeon (2/15)

Altars:

Annotations:
D:2 Robin


Message History

The hobgoblin is heavily wounded.
The goblin hits you but does no damage. x2; The hobgoblin misses you.
The hobgoblin hits you but does no damage.
The goblin hits you but does no damage. The goblin barely misses you.
You shoot an arrow. The arrow hits the hobgoblin.
You kill the hobgoblin!
The goblin hits you but does no damage. The goblin closely misses you.
You shoot an arrow. The arrow hits the goblin!
You kill the goblin!
The goblin hits you but does no damage.
You shoot an arrow.
The arrow hits Robin but does no damage.
Robin hits you but does no damage. The goblin hits you but does no damage.
Robin roars a battlecry!
The goblin hits you but does no damage.
You shoot an arrow. The arrow hits Robin.
Robin is lightly wounded.
The goblin hits you with a +0 dagger of freezing.
The goblin freezes you.
You shoot an arrow. The arrow hits Robin.
Robin is heavily wounded.
The goblin hits you with a +0 dagger of freezing.
The goblin freezes you.
You shoot an arrow. The arrow closely misses Robin.
The goblin barely misses you. Robin closely misses you.
The goblin closely misses you.
You shoot an arrow.
The arrow hits Robin but does no damage.
Robin is heavily wounded.
The goblin hits you but does no damage. Robin hits you with a +0 whip.
The goblin barely misses you. x2; The goblin closely misses you.
You shoot an arrow. The arrow hits Robin.
Robin is heavily wounded.
The goblin hits you with a +0 dagger. Robin closely misses you.
The goblin hits you with a +0 dagger of freezing.
The goblin freezes you.
You shoot an arrow. The arrow hits Robin.
Robin is severely wounded.
The goblin hits you with a +0 dagger.
You die...

#.##.# .### .#
#.##.##.# #.# .#
######.......# #.#
.# .......##....##
#.#
.......#(.....###.#
.......).......##.#
########......###.#
##....####g######.
#(#....g@g)......
#.########.######
#.# .# #.# g# #.#
.# #<# g# #.#


gg wg You could see Robin and 2 goblins.

Vanquished Creatures
  A dart slug (D:1)
  4 endoplasms
  A giant cockroach (D:1)
  12 goblins
  5 hobgoblins
  A quokka (D:1)
  6 ball pythons (D:1)
  A bat (D:2)
  2 kobolds
  A rat (D:1)
34 creatures vanquished.

Notes
Turn   | Place    | Note
-------+----------+-------------------------------------------
     0 | D:1      | qw the Gargoyle Hunter began the quest for the Orb.
     0 | D:1      | Reached XP level 1. HP: 12/12 MP: 1/1
     0 | D:1      | 0 ||| qw: Version: 0.3-a-76-g4403597
     0 | D:1      | 0 ||| qw: Game counter: 660
     0 | D:1      | 0 ||| qw: Melee chars always use a shield: true
     0 | D:1      | 0 ||| qw: God list: Okawaru
     0 | D:1      | 0 ||| qw: Allow faded altars: false
     0 | D:1      | 0 ||| qw: Do Orc after clearing Dungeon:15 true
     0 | D:1      | 0 ||| qw: Do second Lair branch before Depths: true
     0 | D:1      | 0 ||| qw: Lair rune preference: random
     0 | D:1      | 0 ||| qw: Goals: Normal
     0 | D:1      | 0 ||| PLANNING D:1-11
    79 | D:1      | Reached XP level 2. HP: 17/17 MP: 2/2
    88 | D:1      | Noticed a shining eye
    98 | D:1      | Found a faded altar of an unknown god.
   100 | D:1      | Noticed a great orb of eyes
   100 | D:1      | Noticed a golden eye
   100 | D:1      | Noticed a floating eye
   747 | D:1      | 747 ||| UPGRADING to +0 ring mail.
   757 | D:1      | 757 ||| DROPPING +0 leather armour.
   758 | D:1      | 758 ||| UPGRADING to +0 pair of gloves.
   763 | D:1      | 763 ||| READING scroll labelled SEOPEMESEWAI.
   764 | D:1      | 764 ||| READING scroll labelled XELOASM FIELANG.
   765 | D:1      | 765 ||| DROPPING scroll of butterflies.
   804 | D:2      | Reached XP level 3. HP: 21/21 MP: 3/3
   882 | D:2      | Noticed Robin
   887 | D:2      | Reached skill level 1 in Armour
   888 | D:2      | 888 ||| Stepping ~*~*~tactically~*~*~ (outnumbered).
   897 | D:2      | Reached skill level 5 in Ranged Weapons
   914 | D:2      | HP: 4/22 [goblin/+0 dagger of freezing[Robin] (3)]
   915 | D:2      | Slain by a goblin

Levels and vault maps discovered:
D:1:      psy_arrival_spokes, layout_basic,
          hellmonk_ecumenical_altar_watching_god
D:2:      minmay_chambers_of_ones, layout_loops_ring, nicolae_the_louvre,
          uniq_robin, uniq_natasha

Skill      XL: |  1  2  3 |
---------------+----------+-----
Armour         | 1 |  1.0
Ranged Weapons | 5 |  5.0
Fighting       | |  2.4
Dodging        | |  1.5
Stealth        | |  1.1

Action                     || total
---------------------------++-------
   Fire: Shortbow          ||    81
    Use: Scroll            ||     2
 Armour: Leather armour    ||     5
         Ring mail         ||    45
  Dodge: Dodged            ||    46

Table legend:
 A = Non-vault XP
 B = Vault XP
 C = Vault XP percentage of total XP
 D = Non-vault monster count
 E = Vault monster count
 F = Vault count percentage of total count
                 A         B        C        D         E       F
            +---------+---------+-------+---------+---------+-------
      Total |      43 |      19 |  30.6 |      24 |      10 |  29.4
            +---------+---------+-------+---------+---------+-------
        D:1 |      33 |       0 |   0.0 |      18 |       0 |   0.0
        D:2 |      10 |      19 |  65.5 |       6 |      10 |  62.5
            +---------+---------+-------+---------+---------+-------
